| TOP OF THE 1ST |
|
Atlanta (MID) Braves batting - Pitching for Peoria Chiefs : RHP Ben Cook
|
|
Pitching: RHP Ben Cook
|
|
|
Batting: LHB Kevin Kantor
|
0-0: Ball 1-0: SINGLE (Groundball, 6S, EV 74.4 MPH) (infield hit)
|
|
Batting: SHB Brandon McClain
|
0-0: Ball 1-0: Fielders Choice at 2nd, 4-6 (Groundball, 4, EV 103.8 MPH)
|
|
Batting: RHB Xavier Davis
|
0-0: Ball Brandon McClain steals 2nd base 1-0: DOUBLE (Line Drive, 89D, EV 113.8 MPH) Brandon McClain scores
|
|
Batting: RHB Joseph Kirchmann
|
0-0: Ball 1-0: Ball Xavier Davis steals 3rd base 2-0: Ball 3-0: Foul Ball, location: 2F 3-1: Foul Ball, location: 2F 3-2: Foul Ball, location: 2F 3-2: Ground out 6-3 (Groundball, 56, EV 88.1 MPH) Xavier Davis scores
|
|
Batting: RHB Corey Dalton
|
0-0: Ball 1-0: Ground out 5-3 (Groundball, 56S, EV 85.0 MPH)
|
| Top of the 1st over - 2 runs, 2 hits, 0 errors, 0 left on base; Atlanta (MID) 2 - Peoria 0 |
| BOTTOM OF THE 1ST |
|
Peoria Chiefs batting - Pitching for Atlanta (MID) Braves : RHP Ricky Rivera
|
|
Pitching: RHP Ricky Rivera
|
|
|
Batting: SHB Bobby O'Leary
|
0-0: Called Strike 0-1: Called Strike 0-2: Ball 1-2: Ball 2-2: Ball 3-2: Base on Balls
|
|
Batting: RHB Dan Boykins
|
0-0: Ball 1-0: Ball 2-0: Foul Ball, location: 2F 2-1: Called Strike Bobby O'Leary steals 2nd base 2-2: Foul Ball, location: 2F 2-2: Strikes out swinging
|
|
Batting: RHB Travis Leonard
|
0-0: Called Strike 0-1: Foul Ball, location: 2F 0-2: Ball 1-2: Fly out, F8 (Line Drive, 8LM, EV 110.0 MPH)
|
|
Batting: LHB Jayden Thomas
|
0-0: Ball Wild Pitch! Bobby O'Leary to third 1-0: Foul Ball, location: 2F 1-1: Ball 2-1: SINGLE (Groundball, 34D, EV 105.0 MPH) Bobby O'Leary scores
|
|
Batting: LHB Ken Compton
|
0-0: Called Strike 0-1: Called Strike 0-2: SINGLE (Groundball, 6M, EV 90.6 MPH) (infield hit) Jayden Thomas to second
|
|
Batting: RHB Chris Simmons
|
0-0: Ball 1-0: Ball 2-0: Ground out 5-3 (Groundball, 56S, EV 90.0 MPH)
|
| Bottom of the 1st over - 1 run, 2 hits, 0 errors, 2 left on base; Atlanta (MID) 2 - Peoria 1 |
| TOP OF THE 2ND |
|
Atlanta (MID) Braves batting - Pitching for Peoria Chiefs : RHP Ben Cook
|
|
Batting: LHB Mark Thomas
|
0-0: Ball 1-0: Called Strike 1-1: Swinging Strike 1-2: Strikes out swinging
|
|
Batting: RHB Mike Shook
|
0-0: Foul Ball, location: 2F 0-1: SOLO HOME RUN (Flyball, 7D, EV 95.6 MPH), Distance : 370 ft
|
|
Batting: RHB Andy Cunningham
|
0-0: Ball 1-0: Foul Ball, location: 2F 1-1: Ground out 4-3 (Groundball, 4, EV 81.9 MPH)
|
|
Batting: RHB Nick Platt
|
0-0: Ball 1-0: Ball 2-0: Foul Ball, location: 2F 2-1: Foul Ball, location: 2F 2-2: Ball 3-2: Foul Ball, location: 2F 3-2: Strikes out swinging
|
| Top of the 2nd over - 1 run, 1 hit, 0 errors, 0 left on base; Atlanta (MID) 3 - Peoria 1 |
| BOTTOM OF THE 2ND |
|
Peoria Chiefs batting - Pitching for Atlanta (MID) Braves : RHP Ricky Rivera
|
|
Batting: RHB Justin Reich
|
0-0: Ball 1-0: Called Strike 1-1: SINGLE (Line Drive, 4D, EV 105.6 MPH)
|
|
Batting: SHB Steve Barnett
|
0-0: SINGLE (Groundball, 4MD, EV 98.1 MPH) Justin Reich to second Runner from 2nd tries for 3rd, SAFE, throw by CF made to third
|
|
Batting: RHB Perry Huse
|
0-0: Ball 1-0: Foul Ball, location: 2F 1-1: Called Strike 1-2: Strikes out swinging
|
|
Batting: SHB Bobby O'Leary
|
0-0: Ball 1-0: Called Strike 1-1: Foul Ball, location: 2F 1-2: Ball 2-2: Foul Ball, location: 2F 2-2: Ball 3-2: Foul Ball, location: 2F 3-2: Foul Ball, location: 2F 3-2: Reached via error on a dropped throw from P, E6 (Groundball, 13S, EV 68.1 MPH) Justin Reich scores Steve Barnett to second
|
|
Batting: RHB Dan Boykins
|
0-0: Swinging Strike 0-1: Ball 1-1: Ball 2-1: Foul Ball, location: 2F 2-2: Strikes out swinging
|
|
Batting: RHB Travis Leonard
|
0-0: Ball 1-0: TRIPLE (Line Drive, 89XD, EV 111.2 MPH) Steve Barnett scores Bobby O'Leary scores
|
|
Batting: LHB Jayden Thomas
|
0-0: Swinging Strike 0-1: Foul Ball, location: 2F 0-2: Fly out, F5 (Flyball, 5D, EV 94.4 MPH)
|
| Bottom of the 2nd over - 3 runs, 3 hits, 1 error, 1 left on base; Atlanta (MID) 3 - Peoria 4 |
| TOP OF THE 3RD |
|
Atlanta (MID) Braves batting - Pitching for Peoria Chiefs : RHP Ben Cook
|
|
Batting: LHB Kevin Kantor
|
0-0: Ball 1-0: Swinging Strike 1-1: Called Strike 1-2: Ball 2-2: Strikes out swinging
|
|
Batting: SHB Brandon McClain
|
0-0: Fly out, F8 (Line Drive, 8LD, EV 84.4 MPH)
|
|
Batting: RHB Xavier Davis
|
0-0: Called Strike 0-1: Ball 1-1: Ground out 5-3 (Groundball, 56, EV 88.8 MPH)
|
| Top of the 3rd over - 0 runs, 0 hits, 0 errors, 0 left on base; Atlanta (MID) 3 - Peoria 4 |
| BOTTOM OF THE 3RD |
|
Peoria Chiefs batting - Pitching for Atlanta (MID) Braves : RHP Ricky Rivera
|
|
Batting: LHB Ken Compton
|
0-0: Ball 1-0: Ball 2-0: Foul Ball, location: 2F 2-1: Foul Ball, location: 2F 2-2: Fly out, F6 (Line Drive, 6, EV 65.0 MPH)
|
|
Batting: RHB Chris Simmons
|
0-0: Called Strike 0-1: Ball 1-1: Ball 2-1: Called Strike 2-2: Ball 3-2: Ground out 6-3 (Groundball, 6, EV 109.4 MPH)
|
|
Batting: RHB Justin Reich
|
0-0: Foul Ball, location: 2F 0-1: Fly out, F5 (Popup, 56S, EV 76.9 MPH)
|
| Bottom of the 3rd over - 0 runs, 0 hits, 0 errors, 0 left on base; Atlanta (MID) 3 - Peoria 4 |
| TOP OF THE 4TH |
|
Atlanta (MID) Braves batting - Pitching for Peoria Chiefs : RHP Ben Cook
|
|
Batting: RHB Joseph Kirchmann
|
0-0: Ball 1-0: Called Strike 1-1: Ball 2-1: Fly out, F8 (Flyball, 8LXD, EV 86.2 MPH)
|
|
Batting: RHB Corey Dalton
|
0-0: Called Strike 0-1: Ball 1-1: Ball 2-1: Ball 3-1: Foul Ball, location: 2F 3-2: Foul Ball, location: 2F 3-2: Base on Balls
|
|
Batting: LHB Mark Thomas
|
0-0: Called Strike 0-1: Called Strike 0-2: Ball Wild Pitch! Corey Dalton to second 1-2: Foul Ball, location: 2F 1-2: Ball 2-2: Strikes out swinging
|
|
Batting: RHB Mike Shook
|
0-0: Foul Ball, location: 2F 0-1: Called Strike 0-2: Ball 1-2: Strikes out swinging
|
| Top of the 4th over - 0 runs, 0 hits, 0 errors, 1 left on base; Atlanta (MID) 3 - Peoria 4 |
| BOTTOM OF THE 4TH |
|
Peoria Chiefs batting - Pitching for Atlanta (MID) Braves : RHP Ricky Rivera
|
|
Batting: SHB Steve Barnett
|
0-0: Called Strike 0-1: Ball 1-1: Ball 2-1: Ball 3-1: Swinging Strike 3-2: Base on Balls
|
|
Batting: RHB Perry Huse
|
0-0: DOUBLE (Line Drive, 3D, EV 98.8 MPH) Steve Barnett to third Runner from 3rd tries for Home, SAFE, no throw by RF
|
|
Batting: SHB Bobby O'Leary
|
0-0: Ball 1-0: Ball Wild Pitch! Perry Huse to third 2-0: Called Strike 2-1: Bunted foul 2-2: Ground out 6-3 (Groundball, 6, EV 101.2 MPH) Perry Huse scores
|
|
Batting: RHB Dan Boykins
|
0-0: Called Strike 0-1: Ball 1-1: Foul Ball, location: 2F 1-2: Ground out U3 (Groundball, 3L, EV 86.2 MPH)
|
|
Batting: RHB Travis Leonard
|
0-0: Called Strike 0-1: Ball 1-1: Called Strike 1-2: Ball 2-2: Ball 3-2: Strikes out swinging
|
| Bottom of the 4th over - 2 runs, 1 hit, 0 errors, 0 left on base; Atlanta (MID) 3 - Peoria 6 |
| TOP OF THE 5TH |
|
Atlanta (MID) Braves batting - Pitching for Peoria Chiefs : RHP Ben Cook
|
|
Batting: RHB Andy Cunningham
|
0-0: SINGLE (Groundball, 34S, EV 68.8 MPH) (infield hit)
|
|
Batting: RHB Nick Platt
|
0-0: Foul Ball, location: 2F 0-1: Ball Andy Cunningham steals 2nd base 1-1: Foul Ball, location: 2F 1-2: Ball 2-2: Ball 3-2: Strikes out swinging
|
|
Batting: LHB Kevin Kantor
|
0-0: Ball Andy Cunningham steals 3rd, throwing error, E2 Andy Cunningham scores 1-0: Called Strike 1-1: Foul Ball, location: 2F 1-2: SINGLE (Groundball, 25, EV 64.4 MPH) (infield hit)
|
|
Batting: SHB Brandon McClain
|
0-0: Called Strike Kevin Kantor steals 2nd, throwing error, E2 Kevin Kantor to third 0-1: Ball 1-1: Foul Ball, location: 2F 1-2: Ball 2-2: Ball 3-2: Foul Ball, location: 2F 3-2: Base on Balls
|
|
Batting: RHB Xavier Davis
|
0-0: Ball 1-0: Foul Ball, location: 2F 1-1: Swinging Strike 1-2: Ball 2-2: Fly out, F7 (Flyball, 7LD, EV 101.2 MPH) Runner from 3rd tags up, SCORES, no throw by LF
|
|
Batting: RHB Joseph Kirchmann
|
0-0: Ball Brandon McClain is caught stealing 2nd base 2-4
|
| Top of the 5th over - 2 runs, 2 hits, 2 errors, 0 left on base; Atlanta (MID) 5 - Peoria 6 |
| BOTTOM OF THE 5TH |
|
Peoria Chiefs batting - Pitching for Atlanta (MID) Braves : RHP Ricky Rivera
|
|
Pitching: RHP Craig Goguen
|
|
|
Batting: LHB Jayden Thomas
|
0-0: Called Strike 0-1: Ball 1-1: Ground out U3 (Groundball, 3L, EV 85.0 MPH)
|
|
Batting: LHB Ken Compton
|
0-0: Ball 1-0: Ball 2-0: Called Strike 2-1: Ball 3-1: SINGLE (Groundball, 4M, EV 108.1 MPH) (infield hit)
|
|
Batting: RHB Chris Simmons
|
0-0: Ball Ken Compton is caught stealing 2nd base 2-4 1-0: TRIPLE (Flyball, 89XD, EV 95.6 MPH)
|
|
Batting: RHB Justin Reich
|
0-0: Swinging Strike 0-1: Ball 1-1: Swinging Strike 1-2: Strikes out looking
|
| Bottom of the 5th over - 0 runs, 2 hits, 0 errors, 1 left on base; Atlanta (MID) 5 - Peoria 6 |
| TOP OF THE 6TH |
|
Atlanta (MID) Braves batting - Pitching for Peoria Chiefs : RHP Ben Cook
|
|
Batting: RHB Joseph Kirchmann
|
0-0: Ball 1-0: Called Strike 1-1: Ball 2-1: Foul Ball, location: 2F 2-2: Strikes out swinging
|
|
Batting: RHB Corey Dalton
|
0-0: Swinging Strike 0-1: Ball 1-1: SINGLE (Groundball, 56D, EV 95.6 MPH)
|
|
Batting: LHB Mark Thomas
|
0-0: Ball 1-0: Ball 2-0: Ball 3-0: Called Strike 3-1: Fly out, F6 (Flyball, 56D, EV 86.2 MPH)
|
|
Pitching: RHP John Larimore
|
|
|
Batting: RHB Mike Shook
|
0-0: Ball 1-0: Foul Ball, location: 2F 1-1: Foul Ball, location: 2F 1-2: Ball 2-2: Strikes out swinging
|
| Top of the 6th over - 0 runs, 1 hit, 0 errors, 1 left on base; Atlanta (MID) 5 - Peoria 6 |
| BOTTOM OF THE 6TH |
|
Peoria Chiefs batting - Pitching for Atlanta (MID) Braves : RHP Craig Goguen
|
|
Batting: SHB Steve Barnett
|
0-0: Ball 1-0: Foul Ball, location: 2F 1-1: Ground out 6-3 (Groundball, 6, EV 87.5 MPH)
|
|
Batting: RHB Perry Huse
|
0-0: Swinging Strike 0-1: Ball 1-1: Swinging Strike 1-2: Ball 2-2: Ball 3-2: Base on Balls
|
|
Batting: SHB Bobby O'Leary
|
0-0: Ball 1-0: Called Strike 1-1: Foul Ball, location: 2F 1-2: Ball 2-2: Strikes out swinging
|
|
Batting: RHB Dan Boykins
|
0-0: Ball 1-0: Foul Ball, location: 2F 1-1: Ball 2-1: Ball 3-1: Base on Balls Perry Huse to second
|
|
Batting: RHB Travis Leonard
|
0-0: Ball 1-0: Fielders Choice at 2nd, 5-4 (Groundball, 5, EV 85.6 MPH)
|
| Bottom of the 6th over - 0 runs, 0 hits, 0 errors, 2 left on base; Atlanta (MID) 5 - Peoria 6 |
| TOP OF THE 7TH |
|
Atlanta (MID) Braves batting - Pitching for Peoria Chiefs : RHP John Larimore
|
|
Batting: RHB Andy Cunningham
|
0-0: Called Strike 0-1: Foul Ball, location: 2F 0-2: Ball 1-2: Ball 2-2: Strikes out swinging
|
|
Batting: RHB Nick Platt
|
0-0: Called Strike 0-1: Called Strike 0-2: Foul Ball, location: 2F 0-2: Ground out 4-3 (Groundball, 4, EV 83.8 MPH)
|
|
Batting: LHB Kevin Kantor
|
0-0: Called Strike 0-1: DOUBLE (Line Drive, 78XD, EV 105.0 MPH)
|
|
Batting: SHB Brandon McClain
|
0-0: Called Strike 0-1: Called Strike 0-2: Foul Ball, location: 2F 0-2: Ball 1-2: TRIPLE (Flyball, 89XD, EV 108.1 MPH) Kevin Kantor scores
|
|
Batting: RHB Xavier Davis
|
0-0: Called Strike 0-1: Ball 1-1: Swinging Strike 1-2: Strikes out swinging
|
| Top of the 7th over - 1 run, 2 hits, 0 errors, 1 left on base; Atlanta (MID) 6 - Peoria 6 |
| BOTTOM OF THE 7TH |
|
Peoria Chiefs batting - Pitching for Atlanta (MID) Braves : RHP Craig Goguen
|
|
Pitching: RHP Todd Cox
|
|
|
Batting: LHB Jayden Thomas
|
0-0: Ball 1-0: Called Strike 1-1: Ball 2-1: Ground out 2-3 (Groundball, 15S, EV 74.4 MPH)
|
|
Batting: LHB Ken Compton
|
0-0: Ball 1-0: Ground out U3 (Groundball, 34S, EV 86.9 MPH)
|
|
Batting: RHB Chris Simmons
|
0-0: SINGLE (Groundball, 6MS, EV 68.8 MPH) (infield hit)
|
|
Batting: RHB Justin Reich
|
0-0: Foul Ball, location: 2F 0-1: Ball 1-1: Fly out, F6 (Popup, P, EV 81.9 MPH)
|
| Bottom of the 7th over - 0 runs, 1 hit, 0 errors, 1 left on base; Atlanta (MID) 6 - Peoria 6 |
| TOP OF THE 8TH |
|
Atlanta (MID) Braves batting - Pitching for Peoria Chiefs : RHP John Larimore
|
|
Pitching: LHP Nick Suggett
|
|
|
Batting: RHB Joseph Kirchmann
|
0-0: Called Strike 0-1: Foul Ball, location: 2F 0-2: Ball 1-2: Strikes out swinging
|
|
Batting: RHB Corey Dalton
|
0-0: Single, Error in OF, E8, batter to second base (Groundball, 6MD, EV 108.8 MPH)
|
|
Pinch Hitting: RHB Brian Huebner
|
0-0: Swinging Strike 0-1: Ball 1-1: Foul Ball, location: 2F 1-2: Ball 2-2: Foul Ball, location: 2F 2-2: Strikes out swinging
|
|
Batting: RHB Mike Shook
|
0-0: Intentional Walk
|
|
Batting: RHB Andy Cunningham
|
0-0: Ball 1-0: Ball 2-0: Foul Ball, location: 2F 2-1: Swinging Strike 2-2: Strikes out looking
|
| Top of the 8th over - 0 runs, 1 hit, 1 error, 2 left on base; Atlanta (MID) 6 - Peoria 6 |
| BOTTOM OF THE 8TH |
|
Peoria Chiefs batting - Pitching for Atlanta (MID) Braves : RHP Todd Cox
|
|
Now at 1B: Mike Shook
|
|
|
Now at 2B: Kevin Kantor
|
|
|
Now in LF: Tommy Williams
|
|
|
Batting: SHB Steve Barnett
|
0-0: Ball 1-0: Ball 2-0: Called Strike 2-1: Foul Ball, location: 2F 2-2: Ground out 6-3 (Groundball, 6S, EV 67.5 MPH)
|
|
Batting: RHB Perry Huse
|
0-0: Swinging Strike 0-1: Ball 1-1: SINGLE (Groundball, 4MD, EV 105.6 MPH)
|
|
Batting: SHB Bobby O'Leary
|
0-0: Bunt missed! 0-1: Bunted foul 0-2: Ball 1-2: Ball 2-2: Ball 3-2: Fielders Choice at 2nd, 6-4 (Groundball, 6M, EV 96.9 MPH)
|
|
Batting: RHB Dan Boykins
|
0-0: Ball Bobby O'Leary steals 2nd base 1-0: Called Strike 1-1: Ball 2-1: Swinging Strike 2-2: Strikes out swinging
|
| Bottom of the 8th over - 0 runs, 1 hit, 0 errors, 1 left on base; Atlanta (MID) 6 - Peoria 6 |
| TOP OF THE 9TH |
|
Atlanta (MID) Braves batting - Pitching for Peoria Chiefs : LHP Nick Suggett
|
|
Batting: RHB Nick Platt
|
0-0: Ball 1-0: Called Strike 1-1: Called Strike 1-2: Ball 2-2: Strikes out swinging
|
|
Batting: LHB Kevin Kantor
|
0-0: Ball 1-0: Ball 2-0: Foul Ball, location: 2F 2-1: Foul Ball, location: 2F 2-2: Foul Ball, location: 2F 2-2: Fly out, F7 (Flyball, 7D, EV 99.4 MPH)
|
|
Batting: SHB Brandon McClain
|
0-0: Called Strike 0-1: Ball 1-1: Ball 2-1: Swinging Strike 2-2: Strikes out looking
|
| Top of the 9th over - 0 runs, 0 hits, 0 errors, 0 left on base; Atlanta (MID) 6 - Peoria 6 |
| BOTTOM OF THE 9TH |
|
Peoria Chiefs batting - Pitching for Atlanta (MID) Braves : RHP Todd Cox
|
|
Pitching: LHP Enrique Lopez
|
|
|
Batting: RHB Travis Leonard
|
0-0: Ball 1-0: Ball 2-0: Ground out 6-3 (Groundball, 6, EV 84.4 MPH)
|
|
Pinch Hitting: RHB Francisco Vargas
|
0-0: Ground out 6-3 (Groundball, 6, EV 100.6 MPH)
|
|
Batting: LHB Ken Compton
|
0-0: SINGLE (Groundball, 34S, EV 68.1 MPH) (infield hit)
|
|
Batting: RHB Chris Simmons
|
0-0: Swinging Strike 0-1: Foul Ball, location: 2F 0-2: Ball 1-2: Ball 2-2: Foul Ball, location: 2F 2-2: Ground out 6-3 (Groundball, 6, EV 103.1 MPH)
|
| Bottom of the 9th over - 0 runs, 1 hit, 0 errors, 1 left on base; Atlanta (MID) 6 - Peoria 6 |
| TOP OF THE 10TH |
|
Atlanta (MID) Braves batting - Pitching for Peoria Chiefs : LHP Nick Suggett
|
|
Now in LF: Francisco Vargas
|
|
|
Batting: RHB Xavier Davis
|
0-0: SINGLE (Groundball, 56, EV 100.0 MPH)
|
|
Batting: RHB Joseph Kirchmann
|
0-0: Ball Xavier Davis steals 2nd base 1-0: Foul Ball, location: 2F 1-1: Ball 2-1: Ball 3-1: Foul Ball, location: 2F 3-2: Strikes out swinging
|
|
Batting: RHB Corey Dalton
|
0-0: Intentional Walk
|
|
Batting: LHB Tommy Williams
|
0-0: SINGLE (Groundball, 4MS, EV 67.5 MPH) (infield hit) Xavier Davis to third Corey Dalton to second
|
|
Batting: RHB Mike Shook
|
0-0: Called Strike 0-1: Foul Ball, location: 2F 0-2: Strikes out swinging
|
|
Batting: RHB Andy Cunningham
|
0-0: Ground out 4-3 (Groundball, 4, EV 96.9 MPH)
|
| Top of the 10th over - 0 runs, 2 hits, 0 errors, 3 left on base; Atlanta (MID) 6 - Peoria 6 |
| BOTTOM OF THE 10TH |
|
Peoria Chiefs batting - Pitching for Atlanta (MID) Braves : LHP Enrique Lopez
|
|
Pitching: RHP Jeff Heaster
|
|
|
Batting: RHB Justin Reich
|
0-0: Foul Ball, location: 2F 0-1: Ball 1-1: Ground out 5-3 (Groundball, 56, EV 88.8 MPH)
|
|
Batting: SHB Steve Barnett
|
0-0: Ball 1-0: Called Strike 1-1: Ground out 3-1 (Groundball, 34, EV 89.4 MPH)
|
|
Batting: RHB Perry Huse
|
0-0: Ball 1-0: Fly out, F7 (Flyball, 7, EV 88.1 MPH)
|
| Bottom of the 10th over - 0 runs, 0 hits, 0 errors, 0 left on base; Atlanta (MID) 6 - Peoria 6 |
| TOP OF THE 11TH |
|
Atlanta (MID) Braves batting - Pitching for Peoria Chiefs : LHP Nick Suggett
|
|
Batting: RHB Nick Platt
|
0-0: Called Strike 0-1: Ball 1-1: Ball 2-1: Ball 3-1: Foul Ball, location: 2F 3-2: Strikes out swinging
|
|
Batting: LHB Kevin Kantor
|
0-0: Foul Ball, location: 2F 0-1: Ball 1-1: Foul Ball, location: 2F 1-2: Ground out 5-3 (Groundball, 5, EV 81.9 MPH)
|
|
Pitching: LHP Kai Klindt
|
|
|
Batting: SHB Brandon McClain
|
0-0: Ball 1-0: Ball 2-0: Ball 3-0: Called Strike 3-1: Called Strike 3-2: Ground out 6-3 (Groundball, 6, EV 108.1 MPH)
|
| Top of the 11th over - 0 runs, 0 hits, 0 errors, 0 left on base; Atlanta (MID) 6 - Peoria 6 |
| BOTTOM OF THE 11TH |
|
Peoria Chiefs batting - Pitching for Atlanta (MID) Braves : RHP Jeff Heaster
|
|
Batting: SHB Bobby O'Leary
|
0-0: Called Strike 0-1: Ball 1-1: Called Strike 1-2: Foul Ball, location: 2F 1-2: Ball 2-2: Ball 3-2: SINGLE (Line Drive, 9S, EV 105.0 MPH)
|
|
Batting: RHB Dan Boykins
|
0-0: Ball 1-0: Ball 2-0: Called Strike Bobby O'Leary steals 2nd base 2-1: Ball 3-1: Called Strike 3-2: Foul Ball, location: 2F 3-2: Ground out 5-3 (Groundball, 5S, EV 75.0 MPH) Bobby O'Leary to third
|
|
Batting: RHB Travis Leonard
|
0-0: Intentional Walk
|
|
Batting: RHB Francisco Vargas
|
0-0: Called Strike 0-1: Fielders Choice at home, 6-2 (Groundball, 6, EV 86.2 MPH) Travis Leonard to second
|
|
Batting: LHB Ken Compton
|
0-0: Fly out, F4 (Line Drive, 4, EV 71.2 MPH)
|
| Bottom of the 11th over - 0 runs, 1 hit, 0 errors, 2 left on base; Atlanta (MID) 6 - Peoria 6 |
| TOP OF THE 12TH |
|
Atlanta (MID) Braves batting - Pitching for Peoria Chiefs : LHP Kai Klindt
|
|
Batting: RHB Xavier Davis
|
0-0: Ball 1-0: Ball 2-0: Foul Ball, location: 2F 2-1: Foul Ball, location: 2F 2-2: Ball 3-2: Strikes out looking
|
|
Batting: RHB Joseph Kirchmann
|
0-0: Ball 1-0: SINGLE (Groundball, 56S, EV 67.5 MPH) (infield hit)
|
|
Batting: RHB Corey Dalton
|
0-0: Called Strike Joseph Kirchmann steals 2nd base 0-1: Called Strike 0-2: Ball 1-2: Ball 2-2: Ground out 4-3 (Groundball, 4MD, EV 104.4 MPH) Joseph Kirchmann to third
|
|
Batting: LHB Tommy Williams
|
0-0: Foul Ball, location: 2F 0-1: Ball 1-1: Ball 2-1: Ball 3-1: Ground out 6-3 (Groundball, 6, EV 107.5 MPH)
|
| Top of the 12th over - 0 runs, 1 hit, 0 errors, 1 left on base; Atlanta (MID) 6 - Peoria 6 |
| BOTTOM OF THE 12TH |
|
Peoria Chiefs batting - Pitching for Atlanta (MID) Braves : RHP Jeff Heaster
|
|
Pitching: RHP Jae-young Jhang
|
|
|
Batting: RHB Chris Simmons
|
0-0: SINGLE (Groundball, 56S, EV 63.8 MPH) (infield hit)
|
|
Batting: RHB Justin Reich
|
0-0: Sac Bunt to 15 - play at first, batter OUT! 1-4 Chris Simmons to second
|
|
Batting: SHB Steve Barnett
|
0-0: Intentional Walk
|
|
Batting: RHB Perry Huse
|
0-0: Ball 1-0: Ball 2-0: Fly out, F2 (Popup, 3SF, EV 89.4 MPH)
|
|
Batting: SHB Bobby O'Leary
|
0-0: Called Strike 0-1: Ball 1-1: Called Strike 1-2: Ball 2-2: Ball 3-2: Foul Ball, location: 2F 3-2: Foul Ball, location: 2F 3-2: Base on Balls Chris Simmons to third Steve Barnett to second
|
|
Batting: RHB Dan Boykins
|
0-0: Ball 1-0: Called Strike 1-1: Ball 2-1: Swinging Strike 2-2: Foul Ball, location: 2F 2-2: Ball 3-2: Foul Ball, location: 2F 3-2: Strikes out swinging
|
| Bottom of the 12th over - 0 runs, 1 hit, 0 errors, 3 left on base; Atlanta (MID) 6 - Peoria 6 |
| TOP OF THE 13TH |
|
Atlanta (MID) Braves batting - Pitching for Peoria Chiefs : LHP Kai Klindt
|
|
Batting: RHB Mike Shook
|
0-0: Ground out 5-3 (Groundball, 56S, EV 60.0 MPH)
|
|
Batting: RHB Andy Cunningham
|
0-0: Foul Ball, location: 2F 0-1: Foul Ball, location: 2F 0-2: Ball 1-2: Ball 2-2: Foul Ball, location: 2F 2-2: Foul Ball, location: 2F 2-2: Strikes out looking
|
|
Batting: RHB Nick Platt
|
0-0: Foul Ball, location: 2F 0-1: Ball 1-1: Foul Ball, location: 2F 1-2: Foul Ball, location: 2F 1-2: Foul Ball, location: 2F 1-2: Fly out, F9 (Flyball, 89S, EV 85.0 MPH)
|
| Top of the 13th over - 0 runs, 0 hits, 0 errors, 0 left on base; Atlanta (MID) 6 - Peoria 6 |
| BOTTOM OF THE 13TH |
|
Peoria Chiefs batting - Pitching for Atlanta (MID) Braves : RHP Jae-young Jhang
|
|
Batting: RHB Travis Leonard
|
0-0: Called Strike 0-1: Ball 1-1: Ball 2-1: Ball 3-1: Base on Balls
|
|
Batting: RHB Francisco Vargas
|
0-0: Grounds into double play, 6-4-3 (Groundball, 6, EV 76.9 MPH)
|
|
Batting: LHB Ken Compton
|
0-0: Called Strike 0-1: Foul Ball, location: 2F 0-2: Ball 1-2: Ball 2-2: Foul Ball, location: 2F 2-2: Foul Ball, location: 2F 2-2: Ground out 4-3 (Groundball, 4, EV 106.2 MPH)
|
| Bottom of the 13th over - 0 runs, 0 hits, 0 errors, 0 left on base; Atlanta (MID) 6 - Peoria 6 |
| TOP OF THE 14TH |
|
Atlanta (MID) Braves batting - Pitching for Peoria Chiefs : LHP Kai Klindt
|
|
Batting: LHB Kevin Kantor
|
0-0: Called Strike 0-1: Ball 1-1: Ball 2-1: Reached on error, E4 (Groundball, 4, EV 108.1 MPH)
|
|
Batting: SHB Brandon McClain
|
0-0: Called Strike 0-1: Ball 1-1: Bunt missed! 1-2: SINGLE (Groundball, 6S, EV 71.2 MPH) (infield hit) Kevin Kantor to third
|
|
Batting: RHB Xavier Davis
|
0-0: Ball 1-0: SINGLE (Line Drive, 6D, EV 98.8 MPH) Kevin Kantor scores Brandon McClain to second
|
|
Pitching: LHP Luis Herrera
|
|
|
Batting: RHB Joseph Kirchmann
|
0-0: Ball 1-0: Foul Ball, location: 2F 1-1: Foul Ball, location: 2F 1-2: Ball 2-2: Ball 3-2: Foul Ball, location: 2F 3-2: Strikes out swinging
|
|
Batting: RHB Corey Dalton
|
0-0: Ball 1-0: Called Strike 1-1: Called Strike 1-2: Foul Ball, location: 2F 1-2: Ball 2-2: Foul Ball, location: 2F 2-2: Grounds into double play, 5-4-3 (Groundball, 56S, EV 92.5 MPH)
|
| Top of the 14th over - 1 run, 2 hits, 1 error, 1 left on base; Atlanta (MID) 7 - Peoria 6 |
| BOTTOM OF THE 14TH |
|
Peoria Chiefs batting - Pitching for Atlanta (MID) Braves : RHP Jae-young Jhang
|
|
Batting: RHB Chris Simmons
|
0-0: Ball 1-0: Ground out 6-3 (Groundball, 6, EV 79.4 MPH)
|
|
Batting: RHB Justin Reich
|
0-0: Called Strike 0-1: Ball 1-1: Ball 2-1: Swinging Strike 2-2: Ball 3-2: Strikes out swinging
|
|
Batting: SHB Steve Barnett
|
0-0: Ground out U3 (Groundball, 3L, EV 101.2 MPH)
|
| Bottom of the 14th over - 0 runs, 0 hits, 0 errors, 0 left on base; Atlanta (MID) 7 - Peoria 6 |
|